 Dungeon Crawl Stone Soup version 0.32-a0-747-gc8563f6773 (webtiles) character file.

Game seed: 4164636978592953580

113398 cforsyth the Severer (level 16, 0/155 HPs)
             Began as a Mountain Dwarf Cinder Acolyte on Mar 18, 2024.
             Was a High Priest of Ignis.
             Slain by an emperor scorpion (2 damage)
             ... on level 1 of the Spider Nest.
             The game lasted 01:11:18 (47776 turns).

cforsyth the Severer (MDCA)                        Turns: 47776, Time: 01:11:18

Health: 0/155      AC: 21    Str: 31    XL:     16   Next: 14%
Magic:  25/25      EV:  8    Int: 25    God:    Ignis [*****.]
Gold:   1452       SH:  9    Dex:  6    Spells: 19/27 levels left

rFire   + + +        u - +0 broad axe (freeze)
rCold   + . .        F - +1 kite shield {reflect}
rNeg    + . .        h - +0 chain mail "Naekiu" {rElec Str+4 Dex+3 Slay+3}
rPois   .            s - +1 hat {Will+}
rElec   +            E - +1 cloak of Roch {rN+ Int+6}
rCorr   .            r - +0 pair of gloves
SInv    .            l - +0 pair of boots
Will    ++++.        S - amulet of regeneration Stlth
                     M - ring "Inocui" {rF+ rC+ Will- Int+3}
HPRegen 1.25/turn    K - ring of the Sun {rF+ Will+++ Str+3 Dex-2 Slay-2}
MPRegen 0.19/turn

%: reflection
@: lethally poisoned (0 -> 0), spiked
A: runic magic, artefact enchanting
a: Renounce Religion, Fiery Armour, Foxfire Swarm, Rising Flame


You were on level 1 of the Spider Nest.
You worshipped Ignis.
Ignis was extremely pleased with you.
You visited 4 branches of the dungeon, and saw 23 of its levels.
You visited the Abyss 1 time.
You also visited: Ice Cave and Volcano.

You collected 2280 gold pieces.
You spent 828 gold pieces at shops.


Innate Abilities, Weirdness & Mutations

Your spellcasting is much less encumbered by armour.
You can use scrolls of enchantment on lesser artefacts.


   Skills:
 + Level 17.5 Fighting
 - Level 18.3 Axes
 + Level 17.1 Armour
 + Level 3.1 Dodging
 + Level 6.9 Shields
 - Level 6.1 Spellcasting
 - Level 8.0 Fire Magic


You had 19 spell levels left.
You knew the following spells:

 Your Spells              Type           Power      Damage    Failure   Level
f - Inner Flame           Hex/Fire       27%        N/A       9%          3
X - Scorch                Fire           94%        2d8       1%          2
Y - Volatile Blastmotes   Fire/Tloc      54%        2d14      9%          3

Your spell library contained the following spells:

 Spells                   Type           Power      Damage    Failure   Level
 Lesser Beckoning         Tloc           14%        N/A       24%         2
 Gell's Gravitas          Tloc           7%         N/A       43%         3
 Hailstorm                Conj/Ice       7%         3d5       43%         3
 Passwall                 Erth           7%         N/A       43%         3
 Summon Ice Beast         Ice/Summ       7%         N/A       43%         3
 Teleport Other           Tloc           7%         N/A       43%         3
 Tukima's Dance           Hex            7%         N/A       43%         3
 Dimensional Bullseye     Hex/Tloc       3%         N/A       83%         4
 Iskenderun's Mystic Bla  Conj/Tloc      7%         2d4       83%         4
 Olgreb's Toxic Radiance  Alch           7%         N/A       83%         4
 Passage of Golubria      Tloc           7%         N/A       83%         4
 Irradiate                Conj/Alch      3%         3d12      99%         5
 Iskenderun's Battlesphe  Conj           7%         2d6       99%         5
 Yara's Violent Unravell  Hex/Alch       3%         3d4       99%         5
 Bombard                  Conj/Erth      3%         9d1       100%        6
 Dispersal                Tloc           3%         N/A       100%        6
 Permafrost Eruption      Ice/Erth       3%         2x4d2     100%        6
 Sculpt Simulacrum        Ice/Alch       3%         N/A       100%        6
 Ozocubu's Refrigeration  Ice            3%         4d8       100%        7
 Spellforged Servitor     Conj/Summ      3%         N/A       100%        7
 Discord                  Hex            3%         N/A       100%        8
 Ignition                 Fire           23%        3d8       100%        8

Inventory:

Hand Weapons
 u - a +0 broad axe of freezing (weapon)
 z - a +1 hand axe of flaming
Armour
 h - the +0 chain mail "Naekiu" (worn) {rElec Str+4 Dex+3 Slay+3}
   (You bought it in a shop on level 2 of the Orcish Mines)

   Str+4:     It affects your strength (+4).
   Dex+3:     It affects your dexterity (+3).
   Slay+3:    It affects your accuracy & damage with ranged weapons and melee
   (+3).
   rElec:     It insulates you from electricity.
 j - a +2 helmet
 l - a +0 pair of boots (worn)
 r - a +0 pair of gloves (worn)
 s - a +1 hat of willpower (worn)
 E - the +1 cloak of Roch (worn) {rN+ Int+6}
   (You acquired it on level 5 of the Lair of Beasts)

   Int+6:     It affects your intelligence (+6).
   rN+:       It protects you from negative energy.
 F - a +1 kite shield of reflection (worn)
 O - a +1 cloak of cold resistance
Jewellery
 I - a +6 ring of intelligence
 K - the ring of the Sun (right hand) {rF+ Will+++ Str+3 Dex-2 Slay-2}
   (You found it on level 14 of the Dungeon)

   [ring of protection from fire]

   Str+3:     It affects your strength (+3).
   Dex-2:     It affects your dexterity (-2).
   Slay-2:    It affects your accuracy & damage with ranged weapons and melee
   (-2).
   rF+:       It protects you from fire.
   Will+++:   It greatly increases your willpower.
 M - the ring "Inocui" (left hand) {rF+ rC+ Will- Int+3}
   (You found it on level 5 of the Lair of Beasts)

   [ring of protection from cold]

   Int+3:     It affects your intelligence (+3).
   rF+:       It protects you from fire.
   rC+:       It protects you from cold.
   Will-:     It decreases your willpower.
 R - a ring of protection from cold
 S - an amulet of regeneration (around neck)
 Z - a ring of wizardry
Wands
 n - a wand of polymorph (17)
 o - a wand of iceblast (1)
 p - a wand of flame (64)
 v - a wand of mindburst (10)
 Q - a wand of paralysis (6)
Scrolls
 a - 5 scrolls of poison
 b - 4 scrolls of fog
 e - 4 scrolls of immolation
 g - 2 scrolls of amnesia
 i - 6 scrolls of vulnerability {unknown}
 q - a scroll of silence {!r}
 t - 2 scrolls of enchant weapon {unknown}
 w - 2 scrolls of revelation
 A - 3 scrolls of noise
 L - 4 scrolls of enchant armour {unknown}
 N - 4 scrolls of teleportation {@r2}
 U - 2 scrolls of torment
 W - a scroll of brand weapon
 X - 3 scrolls of fear
 Y - 7 scrolls of blinking
Potions
 c - 3 potions of berserk rage {!q}
 d - 3 potions of ambrosia
 f - 3 potions of magic
 k - 4 potions of resistance
 m - 6 potions of brilliance
 x - 5 potions of attraction
 B - 2 potions of heal wounds {@q2}
 C - 2 potions of invisibility
 G - 3 potions of haste {@q3}
 H - 2 potions of lignification
 J - a potion of cancellation
 T - a potion of enlightenment
 V - 2 potions of might
Miscellaneous
 y - a phantom mirror
 P - a sack of spiders

Dungeon Overview and Level Annotations

Branches:
Dungeon (15/15)            Temple (0/1) D:7            Lair (5/5) D:11
 Shoals (0/4) Lair:3       Spider (1/4) Lair:3        Slime (0/5) Lair:5
    Orc (2/2) D:11            Elf (0/3) Orc:2        Vaults (0/5) D:13
 Depths (0/4) D:15          IceCv (visited)         Volcano (visited)

Altars:
Cheibriados
Elyvilon
Kikubaaqudgha
Makhleb
Nemelex Xobeh
Qazlal
Sif Muna
Xom
Beogh
Jiyva

Shops:
D:1 ?   D:3 [   D:10 =   Orc:1 (   Orc:2 !([*

Annotations:
D:12 3 runed translucent doors, Gazog's ghost, journeyman TrEn
D:14 exclusion: ice statue

###..##.....##
##....##....##
##...#####...#
##.....# ###..##
#...#....#.....#
#..###...#....##
#. ##..#
...#..=##
#..##<.###.##?.$#
#.......# ###..@#
##.......# ##ws#
###.....# ##..
....### ##..
##.### ... ##
#.## ##


You could see an emperor scorpion and a steelbarb worm.


Message History

The emperor scorpion stings you but does no damage.
The emperor scorpion claws you but does no damage. x2
You barely miss the emperor scorpion.
The emperor scorpion is almost dead.
You hit the steelbarb worm but do no damage.
You feel sick. You block the steelbarb worm's attack.
The emperor scorpion closely misses you.
The emperor scorpion claws you.
* * * LOW HITPOINT WARNING * * *
The emperor scorpion claws you but does no damage.
You hit the emperor scorpion. You freeze the emperor scorpion.
The emperor scorpion is almost dead.
You slice the steelbarb worm!! You freeze the steelbarb worm.
You feel sick. The steelbarb worm hits you!
* * * LOW HITPOINT WARNING * * *
More barbed spikes become lodged in your body.
The emperor scorpion stings you.
* * * LOW HITPOINT WARNING * * *
You block the emperor scorpion's attack. x2
You barely miss the emperor scorpion.
The emperor scorpion is almost dead.
You slice the steelbarb worm!! You freeze the steelbarb worm.
You feel sick. The steelbarb worm hits you.
* * * LOW HITPOINT WARNING * * *
More barbed spikes become lodged in your body.
The emperor scorpion stings you!
* * * LOW HITPOINT WARNING * * *
The emperor scorpion claws you.
You die...
Ignis goes out, and joins you in death.

Skill      XL: |  1  2  3  4  5  6  7  8  9 10 11 12 13 14 15 16 |
---------------+-------------------------------------------------+-----
Armour         | 1 2 3 4 5 6 8 10 12 14 15 16 17 | 17.1
Fire Magic     | 4 5 6 7 8 |  8.0
Axes           | 4 5 6 7 8 10 12 13 15 17 18 | 18.3
Fighting       | 4 5 6 7 9 11 12 14 16 17 | 17.5
Spellcasting   | 2 3 4 6 |  6.1
Shields        | 2 4 5 6 |  6.9
Dodging        | 2 3 |  3.1

Action                     |  1- 3 |  4- 6 |  7- 9 | 10-12 | 13-15 | 16-18 || total
---------------------------+-------+-------+-------+-------+-------+-------++-------
  Melee: Hand axe          |   102 |    21 |    26 |   400 |   111 |       ||   660
         Battleaxe         |       |       |       |       |   102 |       ||   102
         Broad axe         |       |       |       |       |  1109 |    68 ||  1177
   Cast: Scorch            |    28 |    46 |   193 |   418 |   578 |     8 ||  1271
         Volatile Blastmot |       |       |       |     2 |       |       ||     2
  Evoke: Wand              |       |       |     4 |    14 |     6 |       ||    24
         Sack of spiders   |       |       |       |     1 |       |       ||     1
    Use: Potion            |       |       |     3 |     9 |     6 |       ||    18
         Scroll            |       |       |       |    15 |    18 |     2 ||    35
 Armour: Robe              |    70 |    25 |   108 |       |       |       ||   203
         Scale mail        |       |       |    21 |   576 |       |       ||   597
         Skin              |       |       |       |    54 |    28 |       ||    82
         Plate armour      |       |       |       |     2 |  1318 |       ||  1320
         Chain mail        |       |       |       |       |   398 |    77 ||   475
  Dodge: Dodged            |    50 |    22 |    80 |   220 |   493 |    28 ||   893
  Block: Buckler           |       |       |    21 |   109 |   227 |       ||   357
         Kite shield       |       |       |       |       |    70 |    39 ||   109
         Reflection        |       |       |       |       |     8 |     1 ||     9

Levels and vault maps discovered:
D:1:      shiori_arrival_maze, layout_basic, serial_shops,
          nicolae_shop_tiny_real_fake_doors, dk_noncrumbling_4,
          nicolae_houndstooth_variations
D:2:      layout_rooms, basic_altar, uniq_crazy_yiuf_cottage
D:3:      layout_rooms, serial_shops, shop, uniq_grinder
D:4:      layout_basic, nicolae_overflow_hidden_temple,
          dreamdust_princess_corridor
D:5:      layout_basic
D:6:      layout_basic, st_stairs_3, fountainhead
D:7:      layout_cave_pools, temple_pool_b, mrwooster_statue_mirror
D:8:      layout_rooms, the_hattery
D:9:      layout_long_grid, general_overflow_altar, minmay_misc_feat_iff
D:10:     layout_roguey, ebering_ghost_funeral_grove, serial_shops, shop,
          hangedman_ranch, uniq_gastronok, uniq_fannar
D:11:     layout_rooms, david_lair_generic, minmay_nine_imps, uniq_josephine
D:12:     layout_irregular_city, gammafunk_ghost_necromancy, uniq_psyche
D:13:     nicolae_cairo_tiling_large_dashed, layout_loops_corners,
          hellmonk_vaults_keyhole, serial_glass, glass_columns_a,
          glass_columns_a
D:14:     layout_rooms, gammafunk_ghost_spectres, chequers_big_river,
          ice2_lemuel, uniq_louise
D:15:     grunt_enter_depths_giant_problem, layout_layer_cave,
          dreamdust_mushroom_princess
Lair:1:   layout_small_grid, portal_ice_cave_entry_pillars_2,
          minmay_lair_oklob_items, minmay_hedge_maze, lemuel_fruit_tree
Lair:2:   layout_roguey, nicolae_volcano_entry_vermiform
Lair:3:   layout_long_grid, minmay_shoals_entry_hut, spider_nest_entry_webs,
          kennysheep_snail_temple
Lair:4:   regret_index_tunnel_blossom, layout_hall_layers, uniq_urug
Lair:5:   grunt_lair_end_beastmaster, layout_loops_ring,
          minmay_slime_entry_pillars, nicolae_quartered_pool_impasse
Spider:1: mumra_spider_spiderweb, drop_trap
Orc:1:    layout_caves, serial_shops, nicolae_shop_tiny_real_fake_doors,
          regret_index_minedec_devilstone, nicolae_orc_damp_corner,
          nicolae_orc_tapped_out
Orc:2:    st_orc_mages, layout_diamond_mine, mines5_lemuel

Notes
Turn   | Place    | Note
-------+----------+-------------------------------------------
     0 | D:1      | cforsyth the Mountain Dwarf Cinder Acolyte began the quest
                  | for the Orb.
     0 | D:1      | Reached XP level 1. HP: 19/19 MP: 2/2
    51 | D:1      | Found Baaborph's Magic Scroll Shoppe.
   153 | D:1      | Reached XP level 2. HP: 26/26 MP: 3/3
   161 | D:1      | Learned a level 2 spell: Scorch
   472 | D:1      | Reached skill level 1 in Armour
   719 | D:1      | Reached XP level 3. HP: 30/31 MP: 0/5
   792 | D:1      | Reached skill level 4 in Fire Magic
   919 | D:1      | Reached skill level 4 in Axes
  2054 | D:2      | Found a runed translucent door.
  2055 | D:2      | Noticed Crazy Yiuf
  2078 | D:2      | Found a stormy altar of Qazlal.
  2254 | D:2      | Reached XP level 4. HP: 22/40 MP: 0/6
  2607 | D:3      | Reached skill level 4 in Fighting
  2748 | D:3      | Noticed Grinder
  2809 | D:3      | Paralysed by Grinder for 5 turns
  2888 | D:3      | Killed Grinder
  2889 | D:3      | Reached skill level 2 in Armour
  2889 | D:3      | Reached skill level 2 in Spellcasting
  2889 | D:3      | Reached XP level 5. HP: 47/47 MP: 2/8
  2889 | D:3      | Reached XP level 6. HP: 53/53 MP: 2/9
  3032 | D:3      | Found Qaostixo's Antique Armour Boutique.
  3394 | D:4      | Reached skill level 5 in Axes
  3394 | D:4      | Reached skill level 5 in Fire Magic
  3546 | D:4      | Found an ancient bone altar of Kikubaaqudgha.
  3590 | D:4      | Reached skill level 3 in Armour
  3597 | D:4      | Noticed an ice beast
  3640 | D:4      | Killed an ice beast
  3986 | D:4      | Reached XP level 7. HP: 47/60 MP: 4/11
  4416 | D:4      | Reached skill level 5 in Fighting
  4508 | D:5      | Entered Level 5 of the Dungeon
  4643 | D:5      | Reached skill level 3 in Spellcasting
  4648 | D:5      | HP: 6/61 [poisoned by a water moccasin]
  4853 | D:4      | Found a sparkling altar of Nemelex Xobeh.
  4853 | D:4      | Found a shimmering blue altar of Sif Muna.
  4853 | D:4      | Found a shimmering altar of Xom.
  4857 | D:4      | Reached skill level 4 in Armour
  5305 | D:5      | Reached skill level 6 in Axes
  5310 | D:5      | Reached skill level 6 in Fire Magic
  5537 | D:5      | Reached XP level 8. HP: 29/69 MP: 1/13
  6607 | D:6      | Reached skill level 1 in Shields
  6774 | D:6      | Reached skill level 4 in Spellcasting
  7093 | D:6      | Reached skill level 6 in Fighting
  7356 | D:7      | Found a staircase to the Ecumenical Temple.
  7369 | D:7      | Reached skill level 5 in Armour
  7369 | D:7      | Reached skill level 2 in Shields
  7548 | D:7      | Reached skill level 7 in Axes
  7550 | D:7      | Identified 2 potions of resistance
  7550 | D:7      | HP: 7/70 [poisoned by a killer bee]
  7730 | D:6      | Reached skill level 7 in Fire Magic
  7730 | D:6      | Reached XP level 9. HP: 31/77 MP: 4/16
  8270 | D:6      | Reached skill level 3 in Shields
  8270 | D:6      | Reached skill level 5 in Spellcasting
  8648 | D:6      | Learned a level 3 spell: Volatile Blastmotes
  8755 | D:7      | Found a staircase to the Ecumenical Temple.
  9478 | D:8      | Reached skill level 7 in Fighting
  9478 | D:8      | Reached skill level 6 in Armour
  9825 | D:8      | Reached skill level 4 in Shields
  9844 | D:8      | Reached skill level 8 in Axes
 10089 | D:9      | Noticed a two-headed ogre
 10100 | D:9      | Killed a two-headed ogre
 10101 | D:9      | Reached skill level 6 in Spellcasting
 10101 | D:9      | Reached skill level 8 in Fire Magic
 10101 | D:9      | Reached XP level 10. HP: 60/86 MP: 7/19
 11052 | D:9      | Found a white marble altar of Elyvilon.
 11295 | D:10     | Entered Level 10 of the Dungeon
 11397 | D:10     | Noticed a gargoyle
 11692 | D:10     | Killed a gargoyle
 11983 | D:10     | Noticed Gastronok
 12212 | D:10     | Reached skill level 7 in Armour
 12212 | D:10     | Reached skill level 5 in Shields
 12375 | D:10     | Noticed a three-headed hydra
 12381 | D:10     | Reached skill level 8 in Fighting
 12385 | D:10     | Killed a three-headed hydra
 12386 | D:10     | Reached skill level 9 in Axes
 12636 | D:10     | Found a runed translucent door.
 12638 | D:10     | Noticed Ruich's ghost (novice DgHu)
 12641 | D:10     | Identified the +11 spear of Growth {drain, rCorr Dex+3}
 12774 | D:10     | Noticed a two-headed ogre
 12782 | D:10     | Killed a two-headed ogre
 12783 | D:10     | Reached skill level 8 in Armour
 13204 | D:10     | Noticed Fannar
 13228 | D:10     | Killed Fannar
 13229 | D:10     | Reached skill level 9 in Fighting
 13532 | D:10     | Reached skill level 10 in Axes
 13532 | D:10     | Reached XP level 11. HP: 81/97 MP: 4/20
 13749 | D:10     | Found Axour's Jewellery Boutique.
 14234 | D:11     | Found a staircase to the Orcish Mines.
 14234 | D:11     | Noticed a two-headed ogre
 14264 | D:11     | Killed a two-headed ogre
 14365 | D:11     | Noticed a two-headed ogre
 14373 | D:11     | Killed a two-headed ogre
 14439 | D:11     | Reached skill level 9 in Armour
 14533 | D:11     | Found a staircase to the Lair.
 14970 | D:11     | Reached skill level 10 in Fighting
 15131 | D:11     | Noticed Josephine
 15524 | D:11     | Reached skill level 11 in Axes
 16169 | D:11     | Killed Josephine
 16652 | D:12     | Noticed a green ugly thing
 16678 | D:12     | Killed a green ugly thing
 16679 | D:12     | Reached skill level 10 in Armour
 16804 | D:12     | Found a runed translucent gate.
 16804 | D:12     | Found a runed translucent gate.
 16805 | D:12     | Found a runed translucent gate.
 16808 | D:12     | Noticed Gazog's ghost (journeyman TrEn)
 16827 | D:12     | Noticed a white ugly thing
 16960 | D:12     | Noticed Psyche
 16963 | D:12     | Killed Psyche
 17290 | D:12     | Noticed a two-headed ogre
 17331 | D:12     | Killed a two-headed ogre
 17332 | D:12     | Reached skill level 11 in Fighting
 17332 | D:12     | Reached skill level 12 in Axes
 17988 | D:12     | Noticed a cyan ugly thing
 18028 | D:11     | Killed a purple ugly thing
 18029 | D:11     | Reached XP level 12. HP: 91/110 MP: 7/21
 19647 | Lair:1   | Entered Level 1 of the Lair of Beasts
 19692 | Lair:1   | Found a frozen archway.
 19701 | IceCv    | Entered an ice cave
 19739 | IceCv    | Reached skill level 11 in Armour
 20701 | IceCv    | Reached skill level 12 in Fighting
 20710 | IceCv    | Reached skill level 13 in Axes
 20784 | IceCv    | HP: 4/112 [yak (13)]
 21375 | IceCv    | Noticed a death yak
 21583 | IceCv    | Killed a death yak
 21933 | IceCv    | Noticed a death yak
 21933 | IceCv    | Noticed a death yak
 21969 | IceCv    | Killed a death yak
 21982 | IceCv    | Killed a death yak
 21983 | IceCv    | Reached skill level 12 in Armour
 22168 | IceCv    | Noticed a death yak
 22168 | IceCv    | Noticed a death yak
 22168 | IceCv    | Noticed a death yak
 22168 | IceCv    | Noticed a frost giant
 22168 | IceCv    | Noticed a death yak
 22181 | IceCv    | Killed a death yak
 22190 | IceCv    | Killed a death yak
 22195 | IceCv    | Killed a frost giant
 22206 | IceCv    | Killed a death yak
 22207 | IceCv    | Reached XP level 13. HP: 87/119 MP: 22/22
 22223 | IceCv    | Reached skill level 14 in Axes
 22233 | IceCv    | Reached skill level 13 in Fighting
 22479 | IceCv    | Identified a +1 robe of resistance
 24204 | Lair:2   | Found a dark tunnel.
 24220 | Volcano  | Entered a volcano
 24587 | Lair:2   | Reached skill level 13 in Armour
 25802 | Lair:3   | Reached skill level 15 in Axes
 25880 | Lair:3   | Found a staircase to the Shoals.
 25891 | Lair:3   | Reached skill level 14 in Fighting
 26401 | Lair:3   | Identified a scroll of acquirement
 26409 | Lair:3   | Acquired a +0 broad axe of freezing
 26498 | Lair:3   | Found a hole to the Spider Nest.
 27110 | Lair:3   | Found a snail-covered altar of Cheibriados.
 27774 | Lair:4   | Reached skill level 14 in Armour
 27853 | Lair:4   | Reached XP level 14. HP: 131/133 MP: 23/23
 28438 | Lair:4   | HP: 13/131 [poisoned by a killer bee]
 28443 | Lair:4   | HP: 6/131 [poisoned by a killer bee]
 28930 | Lair:4   | Reached skill level 16 in Axes
 29239 | Lair:4   | Noticed Urug
 29593 | Lair:4   | Killed Urug
 29594 | Lair:4   | Reached skill level 15 in Fighting
 30059 | Lair:5   | Entered Level 5 of the Lair of Beasts
 30746 | Lair:5   | Found a staircase to the Slime Pits.
 30746 | Lair:5   | Found a viscous altar of Jiyva.
 31683 | Lair:5   | Reached skill level 15 in Armour
 32684 | Lair:5   | Reached skill level 17 in Axes
 33493 | Lair:5   | Reached skill level 16 in Fighting
 33641 | Lair:5   | Identified the ring "Inocui" {rF+ rC+ Will- Int+3}
 34149 | D:2      | Killed Crazy Yiuf
 34363 | D:9      | Killed Gastronok
 34426 | D:9      | Found a white marble altar of Elyvilon.
 35111 | D:10     | Killed Ruich's ghost
 35438 | D:10     | Reached XP level 15. HP: 139/144 MP: 24/24
 35774 | Orc:1    | Entered Level 1 of the Orcish Mines
 35918 | Orc:2    | Entered Level 2 of the Orcish Mines
 36370 | Orc:1    | Found a burning altar of Makhleb.
 36628 | Orc:1    | Found Moxor's Antique Weapon Emporium.
 36699 | Orc:1    | Found a roughly hewn altar of Beogh.
 40198 | Orc:2    | Paralysed by an orc sorcerer for 5 turns
 40271 | Orc:2    | Reached skill level 16 in Armour
 40374 | Orc:2    | Paralysed by an orc sorcerer for 3 turns
 40552 | Orc:2    | Found a staircase to the Elven Halls.
 40688 | Orc:2    | Found Soho's Armour Boutique.
 40688 | Orc:2    | Found Elizajimu's General Store.
 40689 | Orc:2    | Found Pipol's Weapon Shop.
 40693 | Orc:2    | Found Lewkodez's Distillery.
 40699 | Orc:2    | Bought 2 potions of invisibility for 208 gold pieces
 40699 | Orc:2    | Bought a potion of berserk rage for 65 gold pieces
 40699 | Orc:2    | Bought a potion of might for 52 gold pieces
 40705 | Orc:2    | Bought the +0 chain mail "Naekiu" {rElec Str+4 Dex+3
                  | Slay+3} for 503 gold pieces
 41220 | D:12     | Learned a level 3 spell: Inner Flame
 41949 | D:13     | Reached skill level 18 in Axes
 42552 | D:13     | Found a gate to the Vaults.
 43143 | D:14     | Noticed Louise
 43146 | D:14     | You are cast into the Abyss!
 43146 | Abyss:2  | Cast into level 2 of the Abyss (Louise)
 43358 | Abyss:2  | Found a corrupted altar of Lugonu.
 43476 | Abyss:2  | Noticed a tentacled starspawn
 43484 | Abyss:2  | Killed a tentacled starspawn
 43485 | Abyss:2  | Reached skill level 17 in Fighting
 43585 | Abyss:2  | Noticed a tentacled starspawn
 43695 | Abyss:2  | Reached skill level 1 in Dodging
 43716 | Abyss:2  | Found a corrupted altar of Lugonu.
 43920 | Abyss:2  | HP: 9/97 [stone wall collision (7)]
 43928 | D:14     | You pass through the gate.
 43928 | D:14     | Escaped the Abyss
 44295 | D:14     | Killed Louise
 45055 | D:14     | Reached skill level 2 in Dodging
 45055 | D:14     | Reached skill level 6 in Shields
 45415 | D:14     | Found a runed translucent gate.
 45415 | D:14     | Found a runed translucent gate.
 45415 | D:14     | Found a runed translucent gate.
 45416 | D:14     | Noticed Dunag's ghost (journeyman MiFi)
 45720 | D:14     | Acquired the +1 cloak of Roch {rN+ Int+6}
 45796 | D:13     | Killed Dunag's ghost
 45958 | D:14     | Identified the ring of the Sun {rF+ Will+++ Str+3 Dex-2
                  | Slay-2}
 45996 | D:15     | Entered Level 15 of the Dungeon
 46037 | D:15     | Found a staircase to the Depths.
 46567 | D:15     | Reached XP level 16. HP: 150/155 MP: 23/25
 46575 | D:15     | Reached skill level 17 in Armour
 47065 | D:15     | Reached skill level 3 in Dodging
 47587 | Spider:1 | Entered Level 1 of the Spider Nest
 47776 | Spider:1 | HP: 2/155 [emperor scorpion (14)]
 47776 | Spider:1 | Slain by an emperor scorpion

Vanquished Creatures
  Gastronok (D:9)
  A tentacled starspawn (Abyss:2)
  The ghost of Dunag the Warrior, a journeyman MiFi of Ru (D:13)
  A frost giant (IceCv)
  Louise (D:14)
  A stone giant (D:15)
  An ironbound thunderhulk (D:13)
  2 eidola
  Josephine (D:11)
  Fannar (D:10)
  3 vault guards
  4 hydras
  2 catoblepae
  2 boulder beetles (D:13)
  3 centaur warriors
  An ogre mage (D:15)
  7 two-headed ogres
  The ghost of Ruich the Skirmisher, a novice DgHu (D:10)
  A deep troll shaman (Lair:5)
  3 orc high priests
  20 death yaks
  2 tengu warriors (D:15)
  2 occultists (D:15)
  A naga warrior (Abyss:2)
  Urug (Lair:4)
  2 wretched stars (Abyss:2)
  A hell knight (Volcano)
  A skyshark (Lair:5)
  A shadow wraith (Abyss:2)
  3 lindwurms
  A phantasmal warrior (D:14)
  An orc knight (Orc:1)
  2 deep elf pyromancers (D:14)
  4 orc sorcerers (Orc:2)
  9 ugly things
  A cyclops (D:13)
  An oklob plant (Lair:1)
  A worldbinder (Abyss:2)
  5 manticores
  4 large abominations (Abyss:2)
  7 elephants
  An apocalypse crab (Abyss:2)
  3 meliai (Lair:4)
  3 kobold blastminers
  A smoke demon (Abyss:2)
  7 black mambas
  A black mamba (shapeshifter) (D:12)
  13 cane toads
  An ice statue (IceCv)
  A gargoyle (D:10)
  3 torpor snails (Lair:3)
  3 rime drakes
  2 unseen horrors
  A freezing wraith (D:14)
  12 komodo dragons
  2 ancient zymes (Abyss:2)
  Psyche (D:12)
  14 polar bears
  10 trolls
  A tarantella (Spider:1)
  A queen bee (Lair:4)
  Grinder (D:3)
  3 raiju (Abyss:2)
  17 blink frogs
  A raiju (shapeshifter) (D:15)
  2 dream sheep (D:10)
  8 slime creatures
  A snapping turtle (Lair:3)
  A jumping spider (Spider:1)
  5 water elementals
  A culicivora (Spider:1)
  3 spriggans
  6 wraiths
  2 shadows
  55 yaks
  6 wyverns
  4 humans
  6 wargs
  3 steam dragons
  2 redbacks
  9 basilisks
  5 vampire mosquitoes
  A chaos spawn (Abyss:2)
  14 water moccasins
  3 acid dragons
  2 sky beasts
  18 orc warriors
  8 ice beasts
  A black bear (Lair:5)
  2 small abominations (Abyss:2)
  6 ogres
  4 laughing skulls
  28 wolves
  2 phantoms (D:6)
  4 centaurs
  6 kobold brigands
  5 bullfrogs
  4 gnoll sergeants
  A bullfrog (shapeshifter) (D:14)
  4 wights
  33 killer bees
  4 electric eels
  6 crimson imps
  A bombardier beetle (D:4)
  A quasit (Abyss:2)
  3 hounds
  15 orc priests
  Crazy Yiuf (D:2)
  5 jellies
  5 iguanas
  29 orc wizards
  8 hell rats
  22 gnolls
  5 adders
  A river rat (Lair:4)
  3 shadow imps
  6 white imps
  2 ufetubi (D:6)
  2 ribbon worms (D:2)
  2 dart slugs (D:1)
  30 orcs
  8 endoplasms
  5 giant cockroaches
  10 goblins
  10 hobgoblins
  2 jackals (D:1)
  5 quokkas
  9 ball pythons
  6 bats
  A frilled lizard (D:1)
  17 kobolds
  7 rats
  2 starspawn tentacles (Abyss:2)
709 creatures vanquished.

Vanquished Creatures (collateral kills)
  A death yak (Lair:4)
  A killer bee (Lair:4)
2 creatures vanquished.

Vanquished Creatures (others)
  A lurking horror (Abyss:2)
  A starspawn tentacle (Abyss:2)
2 creatures vanquished.

Grand Total: 713 creatures vanquished

Table legend: (Time is in decaauts)
 A = Elapsed time spent in this place.
 B = Non-inter-level travel time spent in this place.
 C = Inter-level travel time spent in this place.
 D = Time resting spent in this place.
 E = Time spent auto-exploring this place.
 F = Levels seen in this place.
 G = Mean time per level.
                   A        B        C        D        E       F      G
               +--------+--------+--------+--------+--------+-----+--------+
         Total |  47663 |  45954 |   1709 |  11527 |  26466 |  26 | 1833.2 |
       Dungeon |  27185 |  26074 |   1111 |   6536 |  15643 |  15 | 1812.3 |
          Lair |  11318 |  10818 |    500 |   2168 |   6524 |   5 | 2263.6 |
   Spider Nest |    182 |    182 |      0 |    110 |     38 |   1 |  182.0 |
  Orcish Mines |   5188 |   5091 |     97 |   2110 |   2106 |   2 | 2594.0 |
         Abyss |    749 |    749 |      0 |    125 |    381 |   1 |  749.0 |
      Ice Cave |   2685 |   2685 |      0 |    370 |   1640 |   1 | 2685.0 |
       Volcano |    353 |    353 |      0 |    108 |    133 |   1 |  353.0 |
               +--------+--------+--------+--------+--------+-----+--------+

Top non-repeatable levels by time:
  Lair:4: 4194 daAuts
    D:12: 3591 daAuts
    D:10: 3369 daAuts
   IceCv: 2685 daAuts
   Orc:1: 2609 daAuts
   Orc:2: 2579 daAuts
    D:11: 2502 daAuts
     D:9: 2290 daAuts
  Lair:5: 2116 daAuts
    D:14: 2068 daAuts
     D:6: 1852 daAuts
  Lair:3: 1786 daAuts
  Lair:1: 1780 daAuts
     D:4: 1606 daAuts
    D:13: 1448 daAuts

Table legend:
 A = Non-vault XP
 B = Vault XP
 C = Vault XP percentage of total XP
 D = Non-vault monster count
 E = Vault monster count
 F = Vault count percentage of total count
                 A         B        C        D         E       F
            +---------+---------+-------+---------+---------+-------
      Total |   94214 |   67784 |  41.8 |     448 |     261 |  36.8
            +---------+---------+-------+---------+---------+-------
        D:1 |      46 |       4 |   8.0 |      27 |       2 |   6.9
        D:2 |      74 |      40 |  35.1 |      19 |       1 |   5.0
        D:3 |      69 |     277 |  80.1 |      14 |       1 |   6.7
        D:4 |     511 |       0 |   0.0 |      24 |       0 |   0.0
        D:5 |     490 |       0 |   0.0 |      11 |       0 |   0.0
        D:6 |    1405 |     154 |   9.9 |      21 |       2 |   8.7
        D:7 |    1264 |       0 |   0.0 |      14 |       0 |   0.0
        D:8 |     917 |     215 |  19.0 |      13 |       1 |   7.1
        D:9 |    1250 |    1513 |  54.8 |      14 |       1 |   6.7
       D:10 |    2066 |    4589 |  69.0 |      10 |      18 |  64.3
       D:11 |    4105 |    2723 |  39.9 |      19 |      12 |  38.7
       D:12 |    6785 |    2245 |  24.9 |      22 |       4 |  15.4
       D:13 |    3398 |    5318 |  61.0 |       8 |       8 |  50.0
       D:14 |    5545 |    4549 |  45.1 |      17 |      15 |  46.9
       D:15 |   10314 |    1075 |   9.4 |      20 |       1 |   4.8
     Lair:1 |    3819 |     535 |  12.3 |      14 |       1 |   6.7
     Lair:2 |    7124 |     676 |   8.7 |      24 |       1 |   4.0
     Lair:3 |    6573 |    1860 |  22.1 |      29 |       6 |  17.1
     Lair:4 |   13908 |    9649 |  41.0 |      31 |      53 |  63.1
     Lair:5 |    6541 |    8747 |  57.2 |      20 |      21 |  51.2
   Spider:1 |     932 |       0 |   0.0 |       4 |       0 |   0.0
      Orc:1 |    3920 |     535 |  12.0 |      23 |       4 |  14.8
      Orc:2 |    1863 |    7073 |  79.2 |      24 |      56 |  70.0
    Abyss:2 |   11295 |       0 |   0.0 |      26 |       0 |   0.0
      IceCv |       0 |   14483 | 100.0 |       0 |      48 | 100.0
    Volcano |       0 |    1524 | 100.0 |       0 |       5 | 100.0
            +---------+---------+-------+---------+---------+-------
